 Dungeon Sprint DCSS version 0.20.1-1-g8b1a95d (webtiles) character file.

1010 Lanoc the Covert (level 8, -6/60 HPs)
             Began as an Octopode Assassin on Nov 29, 2017.
             Was an Initiate of Dithmenos.
             Shot with an arrow by a centaur warrior (16 damage)
             ... in the Dungeon (Sprint I: "Red Sonja").
             The game lasted 00:02:17 (459 turns).

Lanoc the Covert (Octopode Assassin)                 Turns: 459, Time: 00:02:18

Health: -6/60      AC:  1    Str: 10    XL:     8   Next: 21%
Magic:  8/8        EV: 18    Int: 13    God:    Dithmenos [......]
Gold:   412        SH:  0    Dex: 16    Spells: 7/7 levels left

rFire    . . .     SeeInvis .   a - +2 dagger
rCold    . . .     Gourm    .   (no shield)
rNeg     . . .     Faith    .   (helmet restricted)
rPois    .         Spirit   .   (no amulet)
rElec    .         Reflect  .   (no ring)
rCorr    .         Harm     .   (no ring)
MR       .....     NoTele   +   (no ring)
Stlth    ++++++++..             (no ring)
Regen    0.2/turn               (no ring)
MPRegen  0.2/turn               (no ring)
                                (no ring)
                                (no ring)

@: no status effects
A: almost no armour, stealthy swim, amphibious, 8 rings, constrict 8, camouflage
1, gelatinous body 1
a: Renounce Religion


You were in the Dungeon.
You worshipped Dithmenos.
Dithmenos was noncommittal.
You were not hungry.

You visited 1 branch You collected 412 gold pieces.

Inventory:

Hand Weapons
 a - a +2 dagger (weapon)
 b - a +0 blowgun
Missiles
 c - 8 poisoned needles
 d - 12 curare-tipped needles
Scrolls
 k - a scroll of blinking
Potions
 e - a potion of curing
 g - a potion of heal wounds
 h - a potion of haste
 i - 2 potions of magic
 j - 2 potions of berserk rage
Comestibles
 f - a bread ration
 l - 6 chunks of flesh


   Skills:
 + Level 7.4 Fighting
 * Level 10.4 Short Blades
 - Level 2.0 Throwing
 + Level 7.2 Dodging
 * Level 14.4 Stealth


You had 7 spell levels left.
You didn't know any spells.

Dungeon Overview and Level Annotations

Branches:
Dungeon (1/1)

Altars:
Cheibriados
Dithmenos
Elyvilon
Fedhas
Gozag
Hepliaklqana
Kikubaaqudgha
Nemelex Xobeh
Okawaru
Qazlal
Ru
Sif Muna
Trog
Uskayaw
Vehumet
Yredelemnul
Zin
The Shining One

Shops:
D (


Innate Abilities, Weirdness & Mutations

You cannot wear most types of armour.
You are very stealthy in the water. (Stealth+)
You are amphibious.
You can wear up to eight rings at the same time.
You can use your tentacles to constrict eight enemies at once.
Your skin changes colour to match your surroundings (Stealth+).
Your rubbery body absorbs attacks. (AC +1, EV +1)


Message History

You hit the centaur warrior. You squeeze the centaur warrior.
The centaur warrior is lightly wounded.
The centaur warrior misses you. The centaur warrior barely misses you.
You hit the centaur warrior but do no damage.
The centaur warrior is lightly wounded.
The centaur warrior misses you. The centaur warrior hits you!
You hit the centaur warrior but do no damage.
The centaur warrior is lightly wounded.
The centaur warrior hits you! x2
* * * LOW HITPOINT WARNING * * *
The centaur warrior wields a shortbow.
The centaur warrior shoots an arrow.
The arrow hits you.
* * * LOW HITPOINT WARNING * * *
You hear a splash.
The centaur warrior wields a shortbow.
The centaur warrior shoots an arrow.
The arrow closely misses you.
You hear a splash.
You see here an arrow.
The centaur warrior shoots an arrow.
The arrow hits you!
You die...

################
#<.#.)'..#.)'..#
#..'..#.)'..#..+
#..#####'#####'# ####
#..####..#...#.####§§#
#..#__####..##§#≈≈§c§#
#..#_____##'#.§§@§§c§+
#⌠⌠#_.∩...'.§§_#(§§§§#
####_..__##_.#'##+####
#_____###'#[#
#########.### +...+
#.).# ##.## #+#


You could see a centaur warrior.

Vanquished Creatures
  Sonja (D)
  Sigmund (D)
  A yak (D)
  An ogre (D)
  A jelly (D)
  Ijyb (D)
6 creatures vanquished.

Notes
Turn   | Place    | Note
-------+----------+-------------------------------------------
     0 | D        | Lanoc the Octopode Assassin began the quest for the Orb.
     0 | D        | Reached XP level 1. HP: 14/14 MP: 1/1
     1 | D        | Noticed Ijyb
     8 | D        | Killed Ijyb
     8 | D        | Reached skill level 7 in Stealth
     8 | D        | Reached XP level 2. HP: 18/21 MP: 2/2
     8 | D        | Reached XP level 3. HP: 22/26 MP: 3/3
    50 | D        | Noticed an ogre
    53 | D        | Killed an ogre
    53 | D        | Reached skill level 5 in Short Blades
    53 | D        | Reached skill level 9 in Stealth
    53 | D        | Reached XP level 4. HP: 33/33 MP: 4/4
    64 | D        | Noticed Sigmund
    67 | D        | Killed Sigmund
    67 | D        | Reached skill level 5 in Fighting
    67 | D        | Reached skill level 5 in Dodging
    67 | D        | Reached skill level 11 in Stealth
    67 | D        | Reached XP level 5. HP: 39/39 MP: 5/5
    67 | D        | Reached XP level 6. HP: 45/45 MP: 6/6
    81 | D        | Found a deep blue altar of Sif Muna.
    83 | D        | Found a radiant altar of Vehumet.
   248 | D        | Found Raiqu's Weapon Emporium.
   248 | D        | Found an ancient bone altar of Kikubaaqudgha.
   248 | D        | Found a hazy altar of Hepliaklqana.
   248 | D        | Found a stormy altar of Qazlal.
   248 | D        | Found a hide-covered altar of Uskayaw.
   248 | D        | Found a blossoming altar of Fedhas.
   248 | D        | Found a bloodstained altar of Trog.
   248 | D        | Found an iron altar of Okawaru.
   248 | D        | Found a basalt altar of Yredelemnul.
   248 | D        | Found a glowing golden altar of the Shining One.
   248 | D        | Found a snail-covered altar of Cheibriados.
   248 | D        | Found a sacrificial altar of Ru.
   248 | D        | Found a glowing silver altar of Zin.
   248 | D        | Found a shadowy altar of Dithmenos.
   248 | D        | Found a white marble altar of Elyvilon.
   248 | D        | Noticed a yak
   265 | D        | Killed a yak
   265 | D        | Reached skill level 12 in Stealth
   265 | D        | Reached XP level 7. HP: 26/52 MP: 7/7
   266 | D        | Found an opulent altar of Gozag.
   269 | D        | Found a sparkling altar of Nemelex Xobeh.
   277 | D        | Became a worshipper of Dithmenos the Shadowed
   422 | D        | Noticed Sonja
   426 | D        | Killed Sonja
   426 | D        | Reached skill level 10 in Short Blades
   426 | D        | Reached skill level 14 in Stealth
   426 | D        | Reached XP level 8. HP: 60/60 MP: 8/8
   448 | D        | Noticed a centaur warrior
   449 | D        | Noticed a centaur warrior
   459 | D        | Shot with an arrow by a centaur warrior

Skill      XL: |  1  2  3  4  5  6  7 |
---------------+----------------------+-----
Fighting       | 3 4 5 6 7 |  7.4
Short Blades   | 3 5 7 8 10 | 10.4
Dodging        | 2 3 5 7 |  7.2
Stealth        | 7 9 11 12 14 | 14.4
Throwing       | |  2.0

Action                   |  1- 3 |  4- 6 |  7- 9 || total
-------------------------+-------+-------+-------++-------
Melee: Dagger            |     6 |    26 |     5 ||    37
       Tentacles         |     1 |     4 |     1 ||     6
       Constrict         |     1 |       |       ||     1
 Stab: Sleeping          |     2 |     1 |     1 ||     4
Dodge: Dodged            |     1 |    11 |     6 ||    18
